AoeStats
← NeuroGG

Arabia

509678380Analyzed
1v1 RM · 6d ago on Sep 27, 2026· 56m 52s· 2 players
Game mode
Random Map
Map size
Tiny (2 player)
Population
200
Speed
Normal
Resources
Standard
Victory
Conquest
Starting age
Dark Age
Ending age
Imperial Age
RankedLock teamsTeams togetherTeam positionsShared explorationLock speedFull tech treeHidden civsTurbo modeCheats
Victory
Defeat
🇷🇺 Saxons · Russia
1076
+16
🇵🇪 Aztecs · Peru
1066
-16
tedyoso
7:55 Loom
10:07 Feudal Age
10:17 Man-at-Arms
19:11 Castle Age
17:53 Double-Bit Axe
18:53 Fletching
19:21 Town Watch
20:02 Padded Archer Armor
21:54 Bodkin Arrow
21:59 Crossbowman
23:01 Gold Mining
24:58 Wheelbarrow
25:12 Leather Archer Armor
25:59 Stone Mining
29:40 Ballistics
32:11 Imperial Age
30:30 Stone Shaft Mining
29:51 Horse Collar
30:40 Bow Saw
31:21 Forging
31:35 Scale Mail Armor
33:03 Iron Casting
33:13 Chain Mail Armor
33:45 Conscription
35:41 Chemistry
35:04 Hand Cart
35:10 Bracer
35:47 Town Patrol
35:56 Heavy Plow
38:20 Murder Holes
40:24 Plate Mail Armor
41:13 Blast Furnace
42:38 Garland Wars
49:29 Squires
49:02 Elite Jaguar Warrior
52:49 Arbalester
54:14 Eagle Warrior
54:41 Arson
NeuroGG
7:10 Loom
9:28 Feudal Age
11:05 Man-at-Arms
17:09 Double-Bit Axe
18:34 Horse Collar
21:52 Castle Age
20:24 Forging
20:43 Arson
21:05 Scale Mail Armor
22:39 Squires
22:25 Gambesons
23:31 Chain Mail Armor
25:27 Heavy Plow
25:39 Bow Saw
27:47 Elite Skirmisher
31:07 Iron Casting
30:22 Fletching
31:53 Wheelbarrow
36:21 Imperial Age
34:10 Gold Mining
35:20 Bodkin Arrow
36:20 Hand Cart
37:00 Thumb Ring
38:13 Elite Varangian Guard
40:12 Plate Mail Armor
39:39 Shield Wall
43:08 Two-Man Saw
45:44 Conscription
49:17 Guilds
48:33 Elite Hearth Troop
49:37 Conscription
50:18 Gold Shaft Mining
50:26 Bracer
50:26 Padded Archer Armor
Connection lost

Rejoining the realm…

Still unreachable

The connection could not be restored.

Session expired

The server has moved on; the page needs a fresh start.